 Dungeon Crawl Stone Soup version 0.30.0-29-ga12c61a403 (webtiles) character file.

Game seed: 16588257807102309924

100 Graphine the Sneak (level 4, -4/30 HPs)
             Began as an Octopode Brigand on June 22, 2023.
             Slain by an ogre
             ... wielding a +0 giant club
              (8 damage)
             ... on level 3 of the Dungeon.
             The game lasted 00:04:51 (1825 turns).

Graphine the Sneak (Octopode Brigand)               Turns: 1825, Time: 00:04:53

Health: -4/30      AC:  1    Str: 16    XL:     4   Next: 73%
Magic:  5/5        EV: 13    Int: 13    God:
Gold:   106        SH:  0    Dex: 15    Spells: 3/3 levels left

rFire   . . .        h - +1 dagger (venom)
rCold   . . .        (no shield)
rNeg    . . .        (helmet restricted)
rPois   .            (no amulet)
rElec   .            j - +6 ring of strength
rCorr   .            (no ring)
SInv    .            (no ring)
Will    .....        (no ring)
Stlth   ++++         (no ring)
HPRegen 0.25/turn    (no ring)
MPRegen 0.09/turn    (no ring)
                     (no ring)

%: no passive effects
@: no status effects
A: almost no armour, amphibious, 8 rings, camouflage 1, gelatinous body 1,
(nimble swimmer 1), tentacles
a: no special abilities


You were on level 3 of the Dungeon.
You visited 1 branch of the dungeon, and saw 3 of its levels.

You collected 116 gold pieces.
You spent 10 gold pieces at shops.

Inventory:

Hand Weapons
 a - a +2 dagger
 h - a +1 dagger of venom (weapon)
Missiles
 b - 7 poisoned darts (quivered)
 c - a curare-tipped dart
Magical Staves
 f - a staff of conjuration
Jewellery
 j - a +6 ring of strength (left tentacle)
Scrolls
 l - 2 scrolls of teleportation
 m - a scroll of torment {unknown}
 o - a scroll of identify {unknown}
Potions
 d - 2 potions of flight {unknown}
 e - 4 potions of heal wounds {unknown}
 g - a potion of ambrosia {unknown}
 i - a potion of might {unknown}
 k - 2 potions of attraction {unknown}
 n - a potion of degeneration
 p - a potion of brilliance {unknown}


   Skills:
 + Level 2.4 Fighting
 + Level 2.5 Short Blades
 - Level 2.0 Throwing
 + Level 1.8 Dodging
 * Level 6.4 Stealth
 + Level 1.1 Unarmed Combat
 + Level 1.4 Invocations


You had 3 spell levels left.
You didn't know any spells.
Your spell library was empty.

Dungeon Overview and Level Annotations

Branches:
Dungeon (3/15)

Altars:
Ru

Shops:
D:2 !   D:3 (


Innate Abilities, Weirdness & Mutations

You cannot wear most types of armour.
You are amphibious.
You can wear up to eight rings at the same time.
Your skin changes colour to match your surroundings (Stealth+).
Your rubbery body absorbs attacks. (AC +1, EV +1)
((You are camouflaged when in or above water. (Stealth+)))
You have tentacles for arms and can constrict up to eight enemies at once.


Message History

The ogre hits you with a +0 giant club!!
Ouch! That really hurt!
The goblin shouts!
Okay, then.
You are too injured to fight recklessly!
Okay, then.
You aren't carrying any items that you can evoke.
Throw: 3 darts (curare)
Press: ? - help, Shift-Dir - straight line, f - ogre
Aim: an ogre, wielding a +0 giant club (lightly wounded, 75% to hit)
You throw a curare-tipped dart.
The curare-tipped dart barely misses the ogre.
Throw: 2 darts (curare)
Press: ? - help, Shift-Dir - straight line, f/p - ogre
Aim: an ogre, wielding a +0 giant club (lightly wounded, 75% to hit)
You throw a curare-tipped dart. The curare-tipped dart hits the ogre.
The ogre is poisoned.
The ogre convulses.
The ogre seems to slow down.
The ogre is moderately wounded.
The ogre barely misses you.
Hit: h) +1 dagger (venom)
Press: ? - help, Dir - move target, f/p - ogre
Aim: an ogre, wielding a +0 giant club (heavily wounded, very poisoned, slow, about 21% to evade your +1 dagger of venom)
You barely miss the ogre. You squeeze the ogre.
The ogre is heavily wounded.
The goblin zaps a wand.
Your mind is blasted!
* * * LOW HITPOINT WARNING * * *
Hit: h) +1 dagger (venom)
Press: ? - help, Dir - move target, f/p - ogre
Aim: an ogre, wielding a +0 giant club (heavily wounded, very poisoned, slow, about 21% to evade your +1 dagger of venom)
You hit the ogre.
The ogre looks as sick as possible!
The ogre is heavily wounded.
Unknown command.
Hit: h) +1 dagger (venom)
Press: ? - help, Dir - move target, f/p - ogre
Aim: an ogre, wielding a +0 giant club (severely wounded, extremely poisoned, slow, about 21% to evade your +1 dagger of venom)
You barely miss the ogre. You tentacle-slap the ogre.
The ogre is severely wounded.
The ogre hits you with a +0 giant club!
You die...

.... .......# ............
............ ............
#..##..#...# .##......#.#
#.#####..##..#...# ..........#
.#................##.......###.#
..............#.... .......##..#
.......#..#...#..# ........'..^
.......#......#g.## ##.....#..#
........#.......@O(# #.....#..#
..)....#.......................#
#.......'........####...........#
#.......##.......# ...........
#.#.######.......# .####...#..#
#.#.###........>... ........#..#
#.#....###.......## #.#>........#
#.#..........#..#####.#..........
#.#....###.......................


You could see an ogre (extremely poisoned, slow) and a goblin.

Vanquished Creatures
  Terence (D:3)
  3 adders
  3 endoplasms
  A giant cockroach (D:1)
  6 goblins
  3 hobgoblins
  8 kobolds
  A quokka (D:1)
  6 ball pythons
  6 bats
  2 frilled lizards (D:1)
  5 rats
45 creatures vanquished.

Notes
Turn   | Place    | Note
-------+----------+-------------------------------------------
     0 | D:1      | Graphine the Octopode Brigand began the quest for the Orb.
     0 | D:1      | Reached XP level 1. HP: 14/14 MP: 1/1
   231 | D:1      | Reached XP level 2. HP: 15/19 MP: 2/2
   549 | D:1      | Found a faded altar of an unknown god.
   727 | D:1      | Reached XP level 3. HP: 21/24 MP: 3/3
   839 | D:2      | Reached skill level 1 in Invocations
  1130 | D:2      | Reached skill level 6 in Stealth
  1334 | D:2      | Found Tiuxez's Distillery.
  1342 | D:2      | Bought a potion of degeneration for 10 gold pieces
  1551 | D:3      | Reached XP level 4. HP: 28/30 MP: 4/4
  1638 | D:3      | Found a sacrificial altar of Ru.
  1686 | D:3      | Noticed Terence
  1688 | D:3      | Found Ulehol's Weapon Boutique.
  1693 | D:3      | Killed Terence
  1694 | D:3      | Reached skill level 1 in Unarmed Combat
  1815 | D:3      | Noticed an ogre
  1825 | D:3      | Slain by an ogre

Illustrated notes

Levels and vault maps discovered:
D:1:      amcnicky_arrival_abandoned_market, layout_loops_ring,
          hellmonk_ecumenical_altar_run_dry
D:2:      layout_loops_ring, serial_shops, nicolae_shop_industrial_runoff,
          minivault_11, kennysheep_generic_room_13
D:3:      layout_basic, lemuel_tele_altar, serial_shops, shop, uniq_terence,
          uniq_jessica

Skill      XL: |  1  2  3  4 |
---------------+-------------+-----
Invocations    | 1 |  1.4
Stealth        | 6 |  6.4
Unarmed Combat | 1 |  1.1
Fighting       | |  2.4
Short Blades   | |  2.5
Throwing       | |  2.0
Dodging        | |  1.8

Action                     |  1- 3 |  4- 6 || total
---------------------------+-------+-------++-------
  Melee: Dagger            |    45 |    17 ||    62
         Constrict         |    10 |     3 ||    13
         Tentacles         |     6 |     2 ||     8
         Punch             |       |     1 ||     1
  Throw: Dart              |       |     8 ||     8
    Use: Scroll            |     4 |       ||     4
   Stab: Sleeping          |    20 |     5 ||    25
 Armour: Skin              |     7 |       ||     7
  Dodge: Dodged            |    14 |     7 ||    21
